 Dungeon Crawl Stone Soup version 0.23-a0-164-g7711e57 (webtiles) character file.

751 grindst0ne the Insei (level 7, -2/79 HPs)
             Began as a Gnoll Transmuter on Sept 9, 2018.
             Killed by Freeze
             ... invoked by conein's ghost
              (14 damage)
             ... on level 4 of the Dungeon.
             The game lasted 00:10:04 (4993 turns).

grindst0ne the Insei (Gnoll Transmuter)             Turns: 4993, Time: 00:10:05

Health: -2/79      AC: 23    Str: 12    XL:     7   Next: 78%
Magic:  12/15      EV:  2    Int: 18    God:
Gold:   307        SH:  0    Dex: 27    Spells: 11/17 levels left

rFire    + . .     SeeInvis .   z - +1 spear "Mueruex" {venom, Dex+7}
rCold    . . .     Gourm    .   (no shield)
rNeg     + + +     Faith    .   (armour currently unavailable)
rPois    +         Spirit   .   (helmet currently unavailable)
rElec    .         Reflect  .   (cloak currently unavailable)
rCorr    .         Harm     .   (gloves currently unavailable)
MR       .....     NoTele   +   (boots currently unavailable)
Stlth    ++........             (no amulet)
HPRegen  0.23/turn              l - ring of poison resistance
MPRegen  0.14/turn              w - ring of protection from fire

@: confused, agile, tree-form, very slightly contaminated
A: distributed training, strong nose
a: no special abilities


You were on level 4 of the Dungeon.
You were not hungry.
You were a tree.
You visited 1 branch of the dungeon, and saw 4 of its levels.
You also visited: Ossuary.

You collected 307 gold pieces.

Inventory:

Hand Weapons
 z - the +1 spear "Mueruex" (weapon) {venom, Dex+7}
   (You found it on level 4 of the Dungeon)

   It poisons the flesh of those it strikes.
   It affects your dexterity (+7).
Missiles
 a - 25 arrows
 q - 10 tomahawks (quivered)
Armour
 b - a +0 robe (melded)
 t - a +1 cloak (melded)
Jewellery
 l - a ring of poison resistance (left branch)
 r - an uncursed ring of flight
 w - a ring of protection from fire (right branch)
Wands
 m - a wand of scattershot (5)
 y - a wand of flame (24)
Scrolls
 c - 2 scrolls of enchant weapon
 e - a scroll of identify
 f - 2 scrolls of immolation {unknown}
 g - a scroll of magic mapping {unknown}
 j - 4 scrolls of teleportation {unknown}
 k - 4 scrolls of remove curse {unknown}
 u - a scroll of noise {unknown}
 v - a scroll of random uselessness {unknown}
 C - a scroll of silence {unknown}
 E - a scroll of fog {unknown}
 G - a scroll of blinking {unknown}
Potions
 i - a potion of mutation
 n - a potion of brilliance
 o - a potion of curing {unknown}
 p - a potion of flight {unknown}
 s - 2 potions of degeneration {unknown}
 x - 2 potions of agility
 A - a potion of invisibility
 B - a potion of resistance {unknown}
 D - 2 potions of lignification
 F - a potion of haste {unknown}
 I - a potion of might {unknown}
Comestibles
 d - 7 rations


   Skills:
 + Level 3.7 Fighting
 + Level 2.6 Short Blades
 + Level 2.6 Long Blades
 + Level 2.6 Axes
 + Level 2.6 Maces & Flails
 + Level 2.6 Polearms
 + Level 2.6 Staves
 + Level 2.6 Slings
 + Level 2.6 Bows
 + Level 2.6 Crossbows
 + Level 2.6 Throwing
 + Level 2.6 Armour
 + Level 5.3 Dodging
 + Level 2.6 Stealth
 + Level 2.6 Shields
 + Level 7.1 Unarmed Combat
 + Level 5.7 Spellcasting
 + Level 2.1 Conjurations
 + Level 2.1 Hexes
 + Level 2.1 Charms
 + Level 2.1 Summonings
 + Level 2.1 Necromancy
 + Level 2.1 Translocations
 + Level 4.4 Transmutations
 + Level 2.1 Fire Magic
 + Level 2.1 Ice Magic
 + Level 2.1 Air Magic
 + Level 2.1 Earth Magic
 + Level 2.1 Poison Magic
 + Level 2.9 Invocations
 + Level 2.6 Evocations


You had 11 spell levels left.
You knew the following spells:

 Your Spells              Type           Power        Failure   Level  Hunger
a - Beastly Appendage     Tmut           ###...       1%          1    None
b - Sticks to Snakes      Tmut           ###.....     3%          2    None
c - Spider Form           Tmut/Pois      ###.......   10%         3    ##.....

Your spell library contained the following spells:

 Spells                   Type           Power        Failure   Level  Hunger
 Ice Form                 Ice/Tmut       ###.....     32%         4    ####...
 Blade Hands              Tmut           ###.......   50%         5    #####..


Dungeon Overview and Level Annotations

Branches:
Dungeon (4/15)
 Temple: D:4-7

Altars:
Fedhas
Gozag
Makhleb
Nemelex Xobeh
Qazlal
Ru
Uskayaw

Annotations:
D:4 conein's ghost, novice DgIE


Innate Abilities, Weirdness & Mutations

Your experience applies equally to all skills.
((You have very sharp teeth.))
Your uncanny sense of smell can sniff out nearby items.


Message History

Your +0 robe melds into your body.
Your roots penetrate the ground.
The quokka zombie bites you.
Conein's ghost hits you but does no damage.
You hit conein's ghost.
Conein's ghost is severely damaged.
The quokka zombie bites you but does no damage.
Conein's ghost hits you but does no damage.
You are electrocuted!
You hit conein's ghost.
Conein's ghost is severely damaged.
The quokka zombie bites you but does no damage.
Conein's ghost hits you but does no damage.
You are electrocuted!
* * * LOW HITPOINT WARNING * * *
You are confused.
You feel invigorated.
The quokka zombie bites you but does no damage.
Conein's ghost casts a spell at you.
You are frozen.
You die...

#.#####....#####.#######...####(#
..................# ##.......#
.............###..# #.#######
#.####............# #..###### #.#
#.......####.## #.......# ..#
##....<## #..# ##.####.# ###
##...## ######### #.# #.# # #####
#S#.#[#.###.# #.# # #♣#Z....#...#
#.# ##WZ....###### #.#
#####.Z'...(.# #.# ##
#......'...)## #.# .#
#.##...#.....# #.# .#
#.#....#.#.#.###### #.# .#
#.#....#######....###.# ##
#........# #.......... ####...#.#
#..##.#####


You could see conein's ghost, a quokka zombie, a leopard gecko skeleton, a hound
skeleton and a friendly water moccasin.

Vanquished Creatures
  Grinder (D:3)
  A sky beast (D:4)
  A water moccasin zombie (Ossuary)
  4 orc priests (D:3)
  Crazy Yiuf (D:3)
  An iguana (D:4)
  2 orc wizards (D:3)
  2 mummies (Ossuary)
  4 adders
  An ooze (D:1)
  4 adder zombies (Ossuary)
  3 worms
  4 dart slugs (D:1)
  3 leopard geckos
  8 orcs (D:3)
  9 bats
  5 giant cockroaches
  4 gnoll zombies (Ossuary)
  9 goblins
  10 hobgoblins
  3 quokkas
  3 ball pythons
  4 frilled lizards
  6 hobgoblin zombies (Ossuary)
  5 kobolds
  7 kobold zombies (Ossuary)
  6 orc zombies (Ossuary)
  7 rats
118 creatures vanquished.

Vanquished Creatures (collateral kills)
  A centaur skeleton (D:4)
1 creature vanquished.

Grand Total: 119 creatures vanquished

Notes
Turn   | Place    | Note
-------+----------+-------------------------------------------
     0 | D:1      | grindst0ne the Gnoll Transmuter began the quest for the
                  | Orb.
     0 | D:1      | Reached XP level 1. HP: 17/17 MP: 6/6
    70 | D:1      | Reached XP level 2. HP: 16/23 MP: 7/7
   106 | D:1      | Learned a level 2 spell: Sticks to Snakes
   463 | D:1      | Reached XP level 3. HP: 15/28 MP: 9/9
   850 | D:1      | Reached skill level 5 in Spellcasting
  1126 | D:1      | Learned a level 3 spell: Spider Form
  1400 | D:1      | Reached skill level 1 in Invocations
  1926 | D:2      | Found an opulent altar of Gozag.
  1975 | D:2      | Reached skill level 1 in Short Blades
  1975 | D:2      | Reached skill level 1 in Long Blades
  1975 | D:2      | Reached skill level 1 in Axes
  1975 | D:2      | Reached skill level 1 in Maces & Flails
  1975 | D:2      | Reached skill level 1 in Polearms
  1975 | D:2      | Reached skill level 1 in Staves
  1975 | D:2      | Reached skill level 1 in Slings
  1975 | D:2      | Reached skill level 1 in Bows
  1975 | D:2      | Reached skill level 1 in Crossbows
  1975 | D:2      | Reached skill level 1 in Throwing
  1975 | D:2      | Reached skill level 1 in Armour
  1975 | D:2      | Reached skill level 1 in Stealth
  1975 | D:2      | Reached skill level 1 in Shields
  1975 | D:2      | Reached skill level 1 in Evocations
  2051 | D:2      | Reached XP level 4. HP: 24/34 MP: 1/11
  2883 | D:3      | Found a runed door.
  2966 | D:3      | Reached skill level 1 in Conjurations
  2966 | D:3      | Reached skill level 1 in Hexes
  2966 | D:3      | Reached skill level 1 in Charms
  2966 | D:3      | Reached skill level 1 in Summonings
  2966 | D:3      | Reached skill level 1 in Necromancy
  2966 | D:3      | Reached skill level 1 in Translocations
  2966 | D:3      | Reached skill level 1 in Fire Magic
  2966 | D:3      | Reached skill level 1 in Ice Magic
  2966 | D:3      | Reached skill level 1 in Air Magic
  2966 | D:3      | Reached skill level 1 in Earth Magic
  2966 | D:3      | Reached skill level 1 in Poison Magic
  2973 | D:3      | Reached XP level 5. HP: 21/40 MP: 9/12
  3370 | D:3      | Noticed Crazy Yiuf
  3378 | D:3      | Killed Crazy Yiuf
  3378 | D:3      | Reached XP level 6. HP: 25/47 MP: 5/13
  3717 | D:3      | Noticed Grinder
  3728 | D:3      | Killed Grinder
  3728 | D:3      | Reached skill level 5 in Dodging
  3776 | D:3      | Reached XP level 7. HP: 49/52 MP: 10/15
  3940 | D:3      | Found a faded altar of an unknown god.
  4072 | D:4      | Got a jewelled spear
  4107 | D:4      | Reached skill level 7 in Unarmed Combat
  4162 | D:4      | Found a sand-covered staircase.
  4167 | Ossuary  | Entered an ossuary
  4426 | D:4      | Identified the +1 spear "Mueruex" {venom, Dex+7} (You found
                  | it on level 4 of the Dungeon)
  4544 | D:4      | Found a burning altar of Makhleb.
  4546 | D:4      | Found a sparkling altar of Nemelex Xobeh.
  4845 | D:4      | Found a runed gate.
  4845 | D:4      | Found a runed gate.
  4845 | D:4      | Found a runed gate.
  4845 | D:4      | Noticed conein's ghost (novice DgIE)
  4925 | D:4      | Found a blossoming altar of Fedhas.
  4927 | D:4      | Found a stormy altar of Qazlal.
  4929 | D:4      | Found a hide-covered altar of Uskayaw.
  4931 | D:4      | Found a sacrificial altar of Ru.
  4993 | D:4      | Killed from afar by conein's ghost

Vault maps used:
D:1:      lightli_arrival_windingriver, serial_glass, glass_columns_a,
          glass_columns_c, item_on_display_b, minmay_strange_pillars,
          due_unseen_surprise, grunt_decor_arrowhead
D:2:      grunt_gozag_breadcrumbs
D:3:      chequers_ecumenical_altar_simple, first_ration, uniq_grinder,
          uniq_crazy_yiuf_cottage
D:4:      minitemple, enter_ossuary_2, gammafunk_ghost_necromancy
Ossuary:  ossuary_tomb_2

Skill      XL: |  1  2  3  4  5  6  7 |
---------------+----------------------+-----
Spellcasting   | 5 |  5.7
Invocations    | 1 2 |  2.9
Short Blades   | 1 2 |  2.6
Long Blades    | 1 2 |  2.6
Axes           | 1 2 |  2.6
Maces & Flails | 1 2 |  2.6
Polearms       | 1 2 |  2.6
Staves         | 1 2 |  2.6
Slings         | 1 2 |  2.6
Bows           | 1 2 |  2.6
Crossbows      | 1 2 |  2.6
Throwing       | 1 2 |  2.6
Armour         | 1 2 |  2.6
Stealth        | 1 2 |  2.6
Shields        | 1 2 |  2.6
Evocations     | 1 2 |  2.6
Conjurations   | 1 2 |  2.1
Hexes          | 1 2 |  2.1
Charms         | 1 2 |  2.1
Summonings     | 1 2 |  2.1
Necromancy     | 1 2 |  2.1
Translocations | 1 2 |  2.1
Fire Magic     | 1 2 |  2.1
Ice Magic      | 1 2 |  2.1
Air Magic      | 1 2 |  2.1
Earth Magic    | 1 2 |  2.1
Poison Magic   | 1 2 |  2.1
Fighting       | 3 |  3.7
Transmutations | 4 |  4.4
Dodging        | 5 |  5.3
Unarmed Combat | 7 |  7.1

Action                   |  1- 3 |  4- 6 |  7- 9 || total
-------------------------+-------+-------+-------++-------
Melee: Unarmed           |    41 |    66 |   135 ||   242
       Bite              |    21 |       |       ||    21
       Punch             |     4 |     1 |       ||     5
       Headbutt          |     2 |       |       ||     2
       Dagger            |   111 |    33 |     9 ||   153
       Kick              |     1 |       |       ||     1
       Spear             |       |       |     2 ||     2
 Cast: Beastly Appendage |     5 |       |       ||     5
       Spider Form       |     5 |    12 |    15 ||    32
       Sticks to Snakes  |       |     4 |     2 ||     6
  Use: Scroll            |       |       |     6 ||     6
       Potion            |       |       |     3 ||     3
 Stab: Sleeping          |     3 |       |     2 ||     5
       Distracted        |       |     1 |       ||     1
  Eat: Chunk             |     4 |     6 |     5 ||    15
Armor: Robe              |    20 |     6 |     2 ||    28
       Skin              |     1 |     3 |     9 ||    13
Dodge: Dodged            |   121 |   122 |   152 ||   395

Table legend:
 A = Non-vault XP
 B = Vault XP
 C = Vault XP percentage of total XP
 D = Non-vault monster count
 E = Vault monster count
 F = Vault count percentage of total count
                 A         B        C        D         E       F
            +---------+---------+-------+---------+---------+-------
      Total |     615 |     458 |  42.7 |      86 |      33 |  27.7
            +---------+---------+-------+---------+---------+-------
        D:1 |      71 |       0 |   0.0 |      33 |       0 |   0.0
        D:2 |      41 |       0 |   0.0 |      11 |       0 |   0.0
        D:3 |     329 |     276 |  45.6 |      36 |       2 |   5.3
        D:4 |     174 |      20 |  10.3 |       6 |       1 |  14.3
    Ossuary |       0 |     162 | 100.0 |       0 |      30 | 100.0
            +---------+---------+-------+---------+---------+-------
